 Dungeon Sprint DCSS version 0.18.1-8-gdd0e5ea (webtiles) character file.

16667 Hipnos the Ninja (level 12, -2/54 (56) HPs)
             Began as a Spriggan Enchanter on May 21, 2016.
             Slain by the 27-headed Lernaean hydra (9 damage)
             ... in the Dungeon (Sprint I: "Red Sonja").
             The game lasted 00:21:20 (2698 turns).

Hipnos the Ninja (Spriggan Enchanter)               Turns: 2698, Time: 00:21:20

HP:   -2/54 (56)    AC:  3    Str:  4    XL:     12   Next: 12%
MP:   29/33         EV: 25    Int: 22    God:    Xom [......]
Gold: 561           SH:  0    Dex: 16    Spells: 5 memorised, 22 levels left

rFire  . . .     SeeInvis +     t - +1 short sword (holy)
rCold  . . .     Gourm    .     b - +1 robe
rNeg   . . .     Faith    .     (shield restricted)
rPois  .         Spirit   .     (helmet restricted)
rElec  .         Dismiss  .     (no cloak)
rCorr  .         Reflect  .     (gloves unavailable)
SustAt .         Harm     .     (boots unavailable)
MR     ++...     NoTele   +     (no amulet)
Stlth  +++++++...               s - ring of stealth
                                r - ring of stealth

@: lethally poisoned (-2 -> -63), non-regenerating, diseased, slowed, quick,
very resistant to hostile enchantments, extremely stealthy
A: unfitting armour, see invisible, herbivore 3, speed 3, high mp 1, mutation
resistance 1, slow metabolism 2
a: Renounce Religion


You were in the Dungeon.
You worshipped Xom.
You were a very special plaything of Xom.
You were not hungry.

You visited 1 branch You collected 2321 gold pieces.
You spent 1760 gold pieces at shops.

Inventory:

Hand Weapons
 a - a +1 dagger
 t - a +1 short sword of holy wrath (weapon)
Missiles
 j - 6 tomahawks of returning (quivered)
Armour
 b - a +1 robe (worn)
Jewellery
 r - a ring of stealth (left hand)
 s - a ring of stealth (right hand)
Scrolls
 k - a scroll of remove curse {unknown}
 n - 3 scrolls of identify {unknown}
 p - a scroll of amnesia {unknown}
Potions
 e - a potion of curing
 f - a potion of mutation {unknown}
 g - a potion of haste
 h - 2 potions of magic
 i - a potion of berserk rage
 l - a potion of agility {unknown}
 o - a potion of flight {unknown}
Books
 c - a book of Maledictions

   Spells                             Type                      Level
   a - Corona                         Hexes                        1
   b - Ensorcelled Hibernation        Hexes/Ice                    2
   c - Confuse                        Hexes                        3
   d - Tukima's Dance                 Hexes                        3
   e - Dazzling Spray                 Conjuration/Hexes            3
 u - a book of Transfigurations

   Spells                             Type                      Level
   a - Irradiate                      Conjuration/Transmutation    5
   b - Statue Form                    Transmutation/Earth          6
   c - Hydra Form                     Transmutation                6
   d - Dragon Form                    Transmutation                7
Miscellaneous
 q - a lamp of fire
Comestibles
 d - 2 bread rations
 m - 2 fruits


   Skills:
 + Level 3.2 Fighting
 - Level 5.1 Short Blades
 + Level 9.8 Dodging
 O Level 27 Stealth
 + Level 13.6 Spellcasting
 + Level 1.1 Conjurations
 * Level 19.8 Hexes
 * Level 8.8 Transmutations


You had 22 spell levels left.
You knew the following spells:

 Your Spells              Type           Power        Failure   Level  Hunger
a - Corona                Hex            #######      0%          1    None
b - Ensorcelled Hibernat  Hex/Ice        ######       1%          2    None
c - Confuse               Hex            #######.     0%          3    None
d - Dazzling Spray        Conj/Hex       ######..     1%          3    None
e - Dragon Form           Trmt           ######....   89%         7    ######.


Dungeon Overview and Level Annotations

Branches:
Dungeon (1/1)

Altars:
Cheibriados
Dithmenos
Elyvilon
Fedhas
Gozag
Kikubaaqudgha
Makhleb
Nemelex Xobeh
Okawaru
Pakellas
Qazlal
Ru
Sif Muna
Trog
Vehumet
Xom
Yredelemnul
Zin
The Shining One
Jiyva

Shops:
D *=*:%*(**%=(=??[!

Annotations:
D Lernaean hydra, Norris


Innate Abilities, Weirdness & Mutations

You are tiny and cannot use many weapons and most armour.
You have supernaturally acute eyesight.
You are a herbivore.
You cover ground extremely quickly.
You need consume almost no food.
You have an increased reservoir of magic (+10% MP).
You are somewhat resistant to further mutation.


Message History

The 27-headed Lernaean hydra is engulfed in dark miasma.
Drink which item? (? for menu, Esc to quit)
Okay, then.
Read which item? (? for menu, Esc to quit)
Okay, then.
You feel very sick.
Xom's power touches on a nearby monster.
The oklob plant evaporates and reforms as a shambling mangrove!
There is an open door here.
You enter the shallow water.
Moving in this stuff is going to be slow.
* * * LOW HITPOINT WARNING * * *
You feel very sick.
The shambling mangrove reaches out with a gnarled limb.
Grasping roots rise from the ground around the shambling mangrove!
The 27-headed Lernaean hydra bites you!
* * * LOW HITPOINT WARNING * * *
The 27-headed Lernaean hydra bites you!
You die...
Xom snickers!

#^....#..###$#.)≈e## ∆∆∆
###++##§##..$#..≈## ∆∆
##..###b§#+###..≈# ∆∆
###..###.§.#f≈..## ∆
..#(.#.###§#M≈..# ∆ ∆
.........#§###..# ∆ ∆
.........#§#.'..# ∆
......####+#^##D##∆∆∆∆∆∆∆∆∆∆
∆∆
#...###§...#§#≈≈@##∆∆∆∆∆∆∆∆
∆∆
#####§§§####§#≈≈≈≈##∆∆∆∆∆∆
∆∆∆ ...C§.### §§#≈≈≈≈≈#
##### ∆∆ ..#####
####≈≈≈≈#≈≈≈≈≈# ∆ .
#).#+≈≈≈'≈D.≈≈§ ∆
#...##≈≈#≈≈≈≈≈#
#....######'### #....# ≈≈
###### ≈


You could see the 27-headed Lernaean hydra and a shambling mangrove.

Vanquished Creatures
  A fire giant (D)
  A lorocyproca (D)
  A hydra (D)
  2 centaur warriors (D)
  Sonja (D)
  7 unseen horrors (D)
  A deep troll (D)
  A lindwurm (D)
  An oklob plant (D)
  A shining eye (D)
  2 sirens (D)
  2 gargoyles (D)
  4 demonic crawlers (D)
  A kobold demonologist (D)
  A slime creature (D)
  Sigmund (D)
  2 redbacks (D)
  A yak (D)
  13 hogs (D)
  4 giant eyeballs (D)
  4 wasps (D)
  7 necrophages (D)
  An ogre (D)
  8 jellies (D)
  Ijyb (D)
  4 ballistomycetes (D)
  A giant spore (D)
74 creatures vanquished.

Vanquished Creatures (others)
  A kobold demonologist (D)
  A wasp (D)
  A giant spore (D)
3 creatures vanquished.

Grand Total: 77 creatures vanquished

Notes
Turn   | Place    | Note
--------------------------------------------------------------
     0 | D        | Hipnos the Spriggan Enchanter began the quest for the Orb.
     0 | D        | Reached XP level 1. HP: 9/9 MP: 5/5
     2 | D        | Noticed Ijyb
    12 | D        | Killed Ijyb
    12 | D        | Reached skill level 7 in Stealth
    12 | D        | Reached XP level 2. HP: 3/13 MP: 7/7
   257 | D        | Learned a level 2 spell: Ensorcelled Hibernation
   258 | D        | Noticed an ogre
   261 | D        | Killed an ogre
   261 | D        | Reached skill level 9 in Stealth
   261 | D        | Reached XP level 3. HP: 16/16 MP: 9/9
   261 | D        | Reached XP level 4. HP: 21/21 MP: 10/10
   270 | D        | Noticed Sigmund
   273 | D        | Killed Sigmund
   273 | D        | Reached skill level 5 in Dodging
   273 | D        | Reached skill level 12 in Stealth
   273 | D        | Reached skill level 10 in Hexes
   273 | D        | Reached XP level 5. HP: 25/25 MP: 11/13
   273 | D        | Reached XP level 6. HP: 29/29 MP: 11/14
   278 | D        | Learned a level 3 spell: Confuse
   289 | D        | Found a deep blue altar of Sif Muna.
   291 | D        | Found a radiant altar of Vehumet.
   298 | D        | Found Mus Gug's Jewellery Emporium.
   298 | D        | Found a white marble altar of Elyvilon.
   298 | D        | Found a stormy altar of Qazlal.
   298 | D        | Found a burning altar of Makhleb.
   298 | D        | Found a sacrificial altar of Ru.
   298 | D        | Found an oddly glowing altar of Pakellas.
   298 | D        | Found a basalt altar of Yredelemnul.
   298 | D        | Found a glowing golden altar of the Shining One.
   298 | D        | Found a sparkling altar of Nemelex Xobeh.
   298 | D        | Found a shimmering altar of Xom.
   298 | D        | Found an opulent altar of Gozag.
   298 | D        | Found an ancient bone altar of Kikubaaqudgha.
   298 | D        | Found a glowing silver altar of Zin.
   298 | D        | Noticed a yak
   299 | D        | Found an iron altar of Okawaru.
   300 | D        | Killed a yak
   300 | D        | Reached skill level 13 in Stealth
   300 | D        | Reached skill level 5 in Spellcasting
   301 | D        | Found a bloodstained altar of Trog.
   306 | D        | Became a worshipper of Xom the Random
   340 | D        | Found a snail-covered altar of Cheibriados.
   340 | D        | Found a viscous altar of Jiyva.
   340 | D        | Found a shadowy altar of Dithmenos.
   340 | D        | Found a blossoming altar of Fedhas.
   340 | D        | Noticed a slime creature
   346 | D        | XOM: smoke on damage
   359 | D        | Killed a slime creature
   359 | D        | Reached skill level 15 in Stealth
   359 | D        | Reached XP level 7. HP: 14/32 MP: 7/16
   578 | D        | Noticed Sonja
   578 | D        | XOM: cast spell 'Summon Butterflies'
   588 | D        | Killed Sonja
   588 | D        | Reached skill level 1 in Fighting
   588 | D        | Reached skill level 17 in Stealth
   588 | D        | Reached XP level 8. HP: 37/37 MP: 13/19
   628 | D        | Noticed a deep troll
   632 | D        | Killed a deep troll
   632 | D        | Reached skill level 18 in Stealth
   642 | D        | Found Joyn's Armour Emporium.
   658 | D        | XOM: god gift: scale mail {god gift}
   671 | D        | Noticed a kobold demonologist
   672 | D        | Noticed a kobold demonologist
   673 | D        | Noticed a red devil
   679 | D        | XOM: divination: detect items
   686 | D        | Noticed a sixfirhy
   756 | D        | XOM: god gift: 22 gold pieces
   824 | D        | Killed a kobold demonologist
   824 | D        | Reached skill level 19 in Stealth
   824 | D        | Reached XP level 9. HP: 29/42 MP: 14/21
   925 | D        | Noticed a centaur warrior
   930 | D        | Noticed a centaur warrior
   932 | D        | Killed a centaur warrior
   932 | D        | Reached skill level 20 in Stealth
   932 | D        | Reached skill level 15 in Hexes
   934 | D        | Killed a centaur warrior
   934 | D        | Reached skill level 21 in Stealth
   968 | D        | Noticed a demonic crawler
   968 | D        | Noticed a demonic crawler
   968 | D        | Noticed a demonic crawler
   968 | D        | Noticed a demonic crawler
   974 | D        | Killed a demonic crawler
   975 | D        | Killed a demonic crawler
   975 | D        | Reached XP level 10. HP: 47/47 MP: 24/24
   978 | D        | Reached skill level 22 in Stealth
  1002 | D        | Noticed a lindwurm
  1004 | D        | Killed a lindwurm
  1021 | D        | XOM: divination: detect items
  1026 | D        | Reached skill level 23 in Stealth
  1026 | D        | Reached skill level 10 in Spellcasting
  1056 | D        | Reached skill level 24 in Stealth
  1056 | D        | XOM: confuse monster(s)
  1121 | D        | Noticed a 12-headed hydra
  1123 | D        | Killed a 12-headed hydra
  1155 | D        | Learned a level 3 spell: Dazzling Spray
  1156 | D        | Noticed a gargoyle
  1188 | D        | Killed a gargoyle
  1188 | D        | Reached skill level 25 in Stealth
  1321 | D        | XOM: harmless Tloc miscast
  1378 | D        | Noticed a lorocyproca
  1379 | D        | Noticed Norris
  1384 | D        | Killed a lorocyproca
  1384 | D        | Reached XP level 11. HP: 51/51 MP: 25/27
  1391 | D        | XOM: cast spell 'Summon Small Mammal'
  1628 | D        | Noticed an oklob plant
  1635 | D        | Killed an oklob plant
  1647 | D        | Reached skill level 26 in Stealth
  1676 | D        | Noticed an unseen horror
  1677 | D        | Noticed an unseen horror
  1683 | D        | Killed an unseen horror
  1687 | D        | Killed an unseen horror
  1687 | D        | Reached skill level 5 in Short Blades
  1692 | D        | Reached skill level 1 in Conjurations
  1717 | D        | Reached skill level 27 in Stealth
  1748 | D        | Found Xela's Book Shoppe.
  1748 | D        | Found Woexygal's Assorted Antiques.
  1748 | D        | Found Ytelem's Food Boutique.
  1750 | D        | Found Exzecw's General Store.
  1750 | D        | Found Dioheo's Antique Weapon Shop.
  1750 | D        | Found Fayfoumy's Assorted Antiques.
  1750 | D        | Found Ibiys's Assorted Antiques.
  1750 | D        | Found Qyonki Tung's Food Emporium.
  1750 | D        | Found Lorphigh's Jewellery Shop.
  1750 | D        | Found Suill's Antique Weapon Shoppe.
  1758 | D        | Found Beashryfa's Jewellery Boutique.
  1759 | D        | Found Kyzipn's Magic Scroll Emporium.
  1759 | D        | Found Ytraw's Magic Scroll Boutique.
  1760 | D        | Found Ocwulets's Distillery.
  1769 | D        | Bought a potion of beneficial mutation for 490 gold pieces
  1769 | D        | Gained mutation: You are somewhat resistant to further mutation. [potion of beneficial mutation]
  1772 | D        | Bought an uncursed ring of stealth for 192 gold pieces
  1775 | D        | Bought an uncursed ring of stealth for 245 gold pieces
  1781 | D        | Bought a +1 short sword of holy wrath for 173 gold pieces
  1829 | D        | Bought a book of Transfigurations for 660 gold pieces
  1837 | D        | Learned a level 7 spell: Dragon Form
  1878 | D        | Found Quhiwees's Assorted Antiques.
  1878 | D        | Noticed a shining eye
  1878 | D        | Noticed a shining eye
  1879 | D        | Noticed a shining eye
  1880 | D        | Noticed a shining eye
  1880 | D        | Noticed a shining eye
  1881 | D        | Noticed a shining eye
  1881 | D        | Noticed a shining eye
  1884 | D        | Killed a shining eye
  1884 | D        | Reached skill level 1 in Transmutations
  1889 | D        | XOM: divination: detect items
  1892 | D        | XOM: divination: detect creatures
  1896 | D        | XOM: divination: detect items
  1897 | D        | Paralysed by a giant eyeball for 2 turns
  1904 | D        | XOM: colour smoke trail
  1937 | D        | Noticed a daeva
  1941 | D        | Noticed an unseen horror
  1941 | D        | Noticed an unseen horror
  1941 | D        | Noticed an unseen horror
  1941 | D        | Noticed an unseen horror
  1942 | D        | XOM: divination: detect items
  1944 | D        | Killed an unseen horror
  1945 | D        | Noticed an unseen horror
  1946 | D        | Killed an unseen horror
  1947 | D        | Killed an unseen horror
  1947 | D        | Reached skill level 5 in Transmutations
  1949 | D        | Killed an unseen horror
  1951 | D        | Killed an unseen horror
  1955 | D        | Noticed a fire giant
  1958 | D        | Noticed a fire giant
  1959 | D        | Noticed a fire giant
  1960 | D        | Noticed a fire giant
  1975 | D        | XOM: summons friendly white imp
  1975 | D        | HP: 2/52 [daeva/divine providence (17)]
  1977 | D        | XOM: cast spell 'Summon Butterflies'
  2103 | D        | XOM: scenery: 1 doors open, 2 doors close
  2226 | D        | XOM: summons friendly iron imp
  2238 | D        | Killed a fire giant
  2238 | D        | Reached XP level 12. HP: 56/56 MP: 24/30
  2274 | D        | Noticed a deep elf annihilator
  2350 | D        | XOM: god gift: 6 tomahawks of returning
  2389 | D        | Noticed a mummy priest
  2425 | D        | Noticed the 27-headed Lernaean hydra
  2446 | D        | XOM: give mutation
  2446 | D        | Gained mutation: You have an increased reservoir of magic (+10% MP). [Xom's grace]
  2677 | D        | XOM: scenery: 1 doors open, 2 doors close
  2696 | D        | XOM: swap monsters
  2697 | D        | XOM: polymorph oklob plant -> shambling mangrove
  2698 | D        | Slain by the 27-headed Lernaean hydra

Skill      XL: |  1  2  3  4  5  6  7  8  9 10 11 12 |
---------------+-------------------------------------+-----
Stealth        | 7 9 12 15 17 19 21 25 27 | 27.0
Spellcasting   | 3 4 5 6 7 9 11 13 | 13.6
Hexes          | 6 8 10 12 13 14 16 17 19 | 19.8
Dodging        | 4 5 6 7 8 9 |  9.8
Short Blades   | 2 3 4 5 |  5.1
Fighting       | 1 2 3 |  3.2
Conjurations   | 1 |  1.1
Transmutations | 7 8 |  8.8

Action                   |  1- 3 |  4- 6 |  7- 9 | 10-12 || total
-------------------------+-------+-------+-------+-------++-------
Melee: Dagger            |    10 |     8 |    16 |   125 ||   159
       Short sword       |       |       |       |    23 ||    23
 Cast: Ensorcelled Hiber |       |     4 |     3 |    22 ||    29
       Confuse           |       |       |     6 |    13 ||    19
       Dazzling Spray    |       |       |       |     3 ||     3
  Use: Potion            |       |       |     1 |     4 ||     5
       Scroll            |       |       |       |     1 ||     1
 Stab: Sleeping          |     2 |     5 |     7 |    47 ||    61
       Confused          |       |       |     2 |    10 ||    12
Armor: Robe              |       |       |     1 |       ||     1
Dodge: Dodged            |     3 |     4 |     5 |    21 ||    33
